TOP OF THE 1ST |
Long Beach KO batting - Pitching for Alabama Shakes : LHP Ben Johnston
|
Pitching: LHP Ben Johnston
|
|
Batting: RHB Ben Simpson
|
0-0: Ball 1-0: Foul Ball, location: 2F 1-1: Ball 2-1: Ground out 6-3 (Groundball, 6)
|
Batting: RHB Harvey Mawhinney
|
0-0: Ball 1-0: Ball 2-0: Ball 3-0: Base on Balls
|
Batting: RHB Rich Crabtree
|
0-0: Ball 1-0: Foul Ball, location: 2F 1-1: Foul Ball, location: 2F 1-2: SINGLE (Groundball, 56D) Harvey Mawhinney to second
|
Batting: RHB Júlio Rodríguez
|
0-0: SINGLE (Groundball, 3D) Harvey Mawhinney to third Rich Crabtree to second
|
Batting: RHB José González
|
0-0: Ball 1-0: Called Strike 1-1: Ball 2-1: Foul Ball, location: 2F 2-2: Strikes out swinging
|
Batting: RHB Tim Torres
|
0-0: Ball 1-0: Called Strike 1-1: Foul Ball, location: 2F 1-2: Foul Ball, location: 2F 1-2: Strikes out looking
|
Top of the 1st over - 0 run(s), 2 hit(s), 0 error(s), 3 left on base; Long Beach 0 - Alabama 0 |
BOTTOM OF THE 1ST |
Alabama Shakes batting - Pitching for Long Beach KO : RHP Adam Parker
|
Pitching: RHP Adam Parker
|
|
Batting: RHB Bruce Adams
|
0-0: Ball 1-0: Called Strike 1-1: Ball 2-1: Ball 3-1: Swinging Strike 3-2: Strikes out swinging
|
Batting: SHB Esteban Aliaga
|
0-0: Foul Ball, location: 2F 0-1: Ball 1-1: Ball 2-1: Called Strike 2-2: SINGLE (Groundball, 25) (infield hit)
|
Batting: RHB Michael Scott
|
0-0: Called Strike 0-1: Ball 1-1: Ball 2-1: Fielders Choice at 2nd, 6-4 (Groundball, 6)
|
Batting: LHB Edgardo Molina
|
0-0: Ball 1-0: Called Strike 1-1: Ball 2-1: Foul Ball, location: 2F 2-2: Ball 3-2: Ground out 6-3 (Groundball, 56)
|
Bottom of the 1st over - 0 run(s), 1 hit(s), 0 error(s), 1 left on base; Long Beach 0 - Alabama 0 |
TOP OF THE 2ND |
Long Beach KO batting - Pitching for Alabama Shakes : LHP Ben Johnston
|
Batting: RHB Roberto Landavazo
|
0-0: Foul Ball, location: 2F 0-1: Ball 1-1: Foul Ball, location: 2F 1-2: Ball 2-2: Ground out 5-3 (Groundball, 56)
|
Batting: LHB Adrian Neal
|
0-0: Fly out, F4 (Popup, 34S)
|
Batting: SHB Albert Flores
|
0-0: Called Strike 0-1: Ball 1-1: Swinging Strike 1-2: SINGLE (Groundball, 56D)
|
Batting: RHB Ben Simpson
|
0-0: Ball Albert Flores steals 2nd base 1-0: Ball 2-0: Foul Ball, location: 2F 2-1: Swinging Strike 2-2: Ball 3-2: Strikes out swinging
|
Top of the 2nd over - 0 run(s), 1 hit(s), 0 error(s), 1 left on base; Long Beach 0 - Alabama 0 |
BOTTOM OF THE 2ND |
Alabama Shakes batting - Pitching for Long Beach KO : RHP Adam Parker
|
Batting: RHB Aaron Stevens
|
0-0: Called Strike 0-1: Ground out 5-3 (Groundball, 56)
|
Batting: SHB Artie Adams
|
0-0: Reached on error, E7 (Flyball, 7S)
|
Batting: RHB Seth O'Toole
|
0-0: Called Strike 0-1: Called Strike 0-2: Fly out, F9 (Flyball, 89S)
|
Batting: RHB Joe Farrell
|
0-0: Called Strike 0-1: Called Strike 0-2: Ball 1-2: Strikes out swinging
|
Bottom of the 2nd over - 0 run(s), 0 hit(s), 1 error(s), 1 left on base; Long Beach 0 - Alabama 0 |
TOP OF THE 3RD |
Long Beach KO batting - Pitching for Alabama Shakes : LHP Ben Johnston
|
Batting: RHB Harvey Mawhinney
|
0-0: Ball 1-0: Ball 2-0: Foul Ball, location: 2F 2-1: SINGLE (Groundball, 34S) (infield hit)
|
Batting: RHB Rich Crabtree
|
0-0: Ball 1-0: Called Strike 1-1: SINGLE (Groundball, 56D) Harvey Mawhinney to second
|
Batting: RHB Júlio Rodríguez
|
0-0: Grounds into double play, 3-6-3 (Groundball, 34) Harvey Mawhinney to third
|
Batting: RHB José González
|
0-0: Called Strike 0-1: Ball 1-1: Foul Ball, location: 2F 1-2: Ball 2-2: Ball 3-2: Ground out 4-3 (Groundball, 4M)
|
Top of the 3rd over - 0 run(s), 2 hit(s), 0 error(s), 1 left on base; Long Beach 0 - Alabama 0 |
BOTTOM OF THE 3RD |
Alabama Shakes batting - Pitching for Long Beach KO : RHP Adam Parker
|
Batting: RHB Chris Barker
|
0-0: Fly out, F3 (Popup, 3L)
|
Batting: RHB Bruce Adams
|
0-0: Ground out 4-3 (Groundball, 4)
|
Batting: SHB Esteban Aliaga
|
0-0: Ball 1-0: Ball 2-0: Called Strike 2-1: Foul Ball, location: 2F 2-2: Strikes out swinging
|
Bottom of the 3rd over - 0 run(s), 0 hit(s), 0 error(s), 0 left on base; Long Beach 0 - Alabama 0 |
TOP OF THE 4TH |
Long Beach KO batting - Pitching for Alabama Shakes : LHP Ben Johnston
|
Batting: RHB Tim Torres
|
0-0: Swinging Strike 0-1: Ball 1-1: Foul Ball, location: 2F 1-2: Foul Ball, location: 2F 1-2: Ball 2-2: Foul Ball, location: 2F 2-2: Ball 3-2: Fly out, F8 (Flyball, 8LS)
|
Batting: RHB Roberto Landavazo
|
0-0: Ball 1-0: Foul Ball, location: 2F 1-1: Ball 2-1: Foul Ball, location: 2F 2-2: Strikes out swinging
|
Batting: LHB Adrian Neal
|
0-0: Called Strike 0-1: Swinging Strike 0-2: Foul Ball, location: 2F 0-2: Strikes out swinging
|
Top of the 4th over - 0 run(s), 0 hit(s), 0 error(s), 0 left on base; Long Beach 0 - Alabama 0 |
BOTTOM OF THE 4TH |
Alabama Shakes batting - Pitching for Long Beach KO : RHP Adam Parker
|
Batting: RHB Michael Scott
|
0-0: Called Strike 0-1: Ball 1-1: Ball 2-1: Fly out, F9 (Flyball, 9LS)
|
Batting: LHB Edgardo Molina
|
0-0: Swinging Strike 0-1: Ground out 4-3 (Groundball, 4)
|
Batting: RHB Aaron Stevens
|
0-0: Ball 1-0: Ball 2-0: Fly out, F7 (Flyball, 78M)
|
Bottom of the 4th over - 0 run(s), 0 hit(s), 0 error(s), 0 left on base; Long Beach 0 - Alabama 0 |
TOP OF THE 5TH |
Long Beach KO batting - Pitching for Alabama Shakes : LHP Ben Johnston
|
Batting: SHB Albert Flores
|
0-0: Called Strike 0-1: Called Strike 0-2: Fly out, F8 (Line Drive, 89M)
|
Batting: RHB Ben Simpson
|
0-0: Ball 1-0: Ball 2-0: Ball 3-0: Called Strike 3-1: Swinging Strike 3-2: Strikes out swinging
|
Batting: RHB Harvey Mawhinney
|
0-0: Foul Ball, location: 2F 0-1: Swinging Strike 0-2: Ball 1-2: Strikes out swinging
|
Top of the 5th over - 0 run(s), 0 hit(s), 0 error(s), 0 left on base; Long Beach 0 - Alabama 0 |
BOTTOM OF THE 5TH |
Alabama Shakes batting - Pitching for Long Beach KO : RHP Adam Parker
|
Batting: SHB Artie Adams
|
0-0: Ball 1-0: SOLO HOME RUN (Flyball, 9D), Distance : 387 ft
|
Batting: RHB Seth O'Toole
|
0-0: Ball 1-0: Called Strike 1-1: Ground out 6-3 (Groundball, 6)
|
Batting: RHB Joe Farrell
|
0-0: SINGLE (Groundball, 34D)
|
Batting: RHB Chris Barker
|
0-0: Ball 1-0: Foul Ball, location: 2F 1-1: Called Strike 1-2: Strikes out looking
|
Batting: RHB Bruce Adams
|
0-0: Fly out, F6 (Popup, 5D)
|
Bottom of the 5th over - 1 run(s), 2 hit(s), 0 error(s), 1 left on base; Long Beach 0 - Alabama 1 |
TOP OF THE 6TH |
Long Beach KO batting - Pitching for Alabama Shakes : LHP Ben Johnston
|
Pitching: RHP Mike Stout
|
|
Batting: RHB Rich Crabtree
|
0-0: Called Strike 0-1: Foul Ball, location: 2F 0-2: Ball 1-2: SINGLE (Groundball, 4MD)
|
Batting: RHB Júlio Rodríguez
|
0-0: Ball 1-0: Ball 2-0: Fly out, F9 (Flyball, 9LS)
|
Batting: RHB José González
|
0-0: Called Strike 0-1: Foul Ball, location: 2F 0-2: Ball 1-2: Reached on error, E4 (Groundball, 4) Rich Crabtree to second
|
Batting: RHB Tim Torres
|
0-0: Called Strike 0-1: Ball 1-1: Ball 2-1: Ball 3-1: Foul Ball, location: 2F 3-2: Base on Balls Rich Crabtree to third José González to second
|
Batting: RHB Roberto Landavazo
|
0-0: Called Strike 0-1: Fly out, F9 (Flyball, 9) Runner from 3rd tags up, SCORES, throw made
|
Batting: LHB Adrian Neal
|
0-0: Swinging Strike 0-1: Called Strike 0-2: Ground out 3-1 (Groundball, 34)
|
Top of the 6th over - 1 run(s), 1 hit(s), 1 error(s), 2 left on base; Long Beach 1 - Alabama 1 |
BOTTOM OF THE 6TH |
Alabama Shakes batting - Pitching for Long Beach KO : RHP Adam Parker
|
Batting: SHB Esteban Aliaga
|
0-0: Ball 1-0: Ball 2-0: Foul Ball, location: 2F 2-1: Foul Ball, location: 2F 2-2: Foul Ball, location: 2F 2-2: Foul Ball, location: 2F 2-2: Strikes out swinging
|
Batting: RHB Michael Scott
|
0-0: Called Strike 0-1: Ball 1-1: Ball 2-1: Swinging Strike 2-2: Foul Ball, location: 2F 2-2: Foul Ball, location: 2F 2-2: Ball 3-2: SINGLE (Line Drive, 89M)
|
Batting: LHB Edgardo Molina
|
0-0: Ball 1-0: Ball 2-0: Fly out, F9 (Flyball, 89S)
|
Batting: RHB Aaron Stevens
|
0-0: Called Strike 0-1: Ball 1-1: Swinging Strike 1-2: Ball 2-2: SINGLE (Line Drive, 34D) Michael Scott to second
|
Pitching: RHP Zier Budding
|
|
Batting: SHB Artie Adams
|
0-0: Ball 1-0: SINGLE (Groundball, 25) (infield hit) Michael Scott to third Aaron Stevens to second
|
Batting: RHB Seth O'Toole
|
0-0: Ball 1-0: Swinging Strike 1-1: Swinging Strike 1-2: Ball 2-2: Ball 3-2: Ground out 1-3 (Groundball, 13S)
|
Bottom of the 6th over - 0 run(s), 3 hit(s), 0 error(s), 3 left on base; Long Beach 1 - Alabama 1 |
TOP OF THE 7TH |
Long Beach KO batting - Pitching for Alabama Shakes : RHP Mike Stout
|
Batting: SHB Albert Flores
|
0-0: Ball 1-0: Foul Ball, location: 2F 1-1: SOLO HOME RUN (Flyball, 9LD), Distance : 351 ft
|
Batting: RHB Ben Simpson
|
0-0: Swinging Strike 0-1: Foul Ball, location: 2F 0-2: Ball 1-2: Foul Ball, location: 2F 1-2: Foul Ball, location: 2F 1-2: Ground out 5-3 (Groundball, 56)
|
Pitching: RHP Michael Hutchins
|
|
Batting: RHB Harvey Mawhinney
|
0-0: Ball 1-0: Foul Ball, location: 2F 1-1: Ball 2-1: Ball 3-1: Base on Balls
|
Batting: RHB Rich Crabtree
|
0-0: Ball 1-0: Swinging Strike 1-1: Swinging Strike 1-2: Ball 2-2: Foul Ball, location: 2F 2-2: Foul Ball, location: 2F 2-2: Ball 3-2: Strikes out swinging
|
Batting: RHB Júlio Rodríguez
|
0-0: Ball 1-0: Fly out, F7 (Flyball, 7)
|
Top of the 7th over - 1 run(s), 1 hit(s), 0 error(s), 1 left on base; Long Beach 2 - Alabama 1 |
BOTTOM OF THE 7TH |
Alabama Shakes batting - Pitching for Long Beach KO : RHP Zier Budding
|
Batting: RHB Joe Farrell
|
0-0: Swinging Strike 0-1: Swinging Strike 0-2: Foul Ball, location: 2F 0-2: Strikes out looking
|
Batting: RHB Chris Barker
|
0-0: Fly out, F8 (Flyball, 8RS)
|
Batting: RHB Bruce Adams
|
0-0: Called Strike 0-1: Foul Ball, location: 2F 0-2: Strikes out swinging
|
Bottom of the 7th over - 0 run(s), 0 hit(s), 0 error(s), 0 left on base; Long Beach 2 - Alabama 1 |
TOP OF THE 8TH |
Long Beach KO batting - Pitching for Alabama Shakes : RHP Michael Hutchins
|
Batting: RHB José González
|
0-0: Called Strike 0-1: Foul Ball, location: 2F 0-2: Ball 1-2: Strikes out swinging
|
Batting: RHB Tim Torres
|
0-0: Ground out 6-3 (Groundball, 6)
|
Batting: RHB Roberto Landavazo
|
0-0: Ball 1-0: Ball 2-0: Swinging Strike 2-1: Swinging Strike 2-2: Strikes out swinging
|
Top of the 8th over - 0 run(s), 0 hit(s), 0 error(s), 0 left on base; Long Beach 2 - Alabama 1 |
BOTTOM OF THE 8TH |
Alabama Shakes batting - Pitching for Long Beach KO : RHP Zier Budding
|
Pitching: LHP Joe Roberts
|
|
Now at 3B: Ryan Campbell
|
|
Batting: SHB Esteban Aliaga
|
0-0: Ball 1-0: Ground out 5-3 (Groundball, 5L)
|
Pitching: RHP Carl Morris
|
|
Batting: RHB Michael Scott
|
0-0: Foul Ball, location: 2F 0-1: Ball 1-1: Ball 2-1: SINGLE (Groundball, 3D)
|
Pitching: LHP Roberto Díaz
|
|
Pinch Hitting: RHB Terry Lawrence
|
0-0: Ball 1-0: Called Strike 1-1: Called Strike 1-2: Foul Ball, location: 2F 1-2: Ground out 3-1 (Groundball, 34S) Michael Scott to second
|
Pitching: RHP Bruce Collins
|
|
Batting: RHB Aaron Stevens
|
0-0: Called Strike 0-1: Hit by Pitch
|
Batting: SHB Artie Adams
|
0-0: SINGLE (Groundball, 6MD) Michael Scott to third Aaron Stevens to second Runner from 3rd tries for Home, SAFE, throw made at trailing runner, SAFE at third!
|
Batting: RHB Seth O'Toole
|
0-0: Called Strike 0-1: Ball 1-1: Swinging Strike 1-2: Foul Ball, location: 2F 1-2: Ball 2-2: Strikes out looking
|
Bottom of the 8th over - 1 run(s), 2 hit(s), 0 error(s), 2 left on base; Long Beach 2 - Alabama 2 |
TOP OF THE 9TH |
Long Beach KO batting - Pitching for Alabama Shakes : RHP Michael Hutchins
|
Pitching: RHP Tim Lowry
|
|
Now in RF: Dax Valdéz
|
|
Batting: LHB Adrian Neal
|
0-0: Ball 1-0: SINGLE (Groundball, 4MD)
|
Pinch Runner at 1st Troy Abreu:
|
|
Batting: SHB Albert Flores
|
0-0: Sac Bunt - play at first, batter OUT! 2-4 Troy Abreu to second
|
Batting: RHB Ben Simpson
|
0-0: Called Strike 0-1: Fly out, F5 (Line Drive, 56)
|
Batting: RHB Harvey Mawhinney
|
0-0: Ball 1-0: Called Strike 1-1: Ball 2-1: Foul Ball, location: 2F 2-2: Foul Ball, location: 2F 2-2: Ball 3-2: Fly out, F9 (Flyball, 89S)
|
Top of the 9th over - 0 run(s), 1 hit(s), 0 error(s), 1 left on base; Long Beach 2 - Alabama 2 |
BOTTOM OF THE 9TH |
Alabama Shakes batting - Pitching for Long Beach KO : RHP Bruce Collins
|
Pitching: RHP Clay White
|
|
Now at SS: Cal Cox
|
|
Pinch Hitting: LHB Arthur Guzmán
|
0-0: Called Strike 0-1: SINGLE (Flyball, 78S)
|
Pinch Hitting: RHB Troy Johnson
|
0-0: Called Strike 0-1: Ball 1-1: SINGLE (Line Drive, 56) Arthur Guzmán to second
|
Pinch Hitting: RHB Ed Gaston
|
0-0: Ball 1-0: Foul Ball, location: 2F 1-1: Called Strike 1-2: Strikes out looking
|
Batting: SHB Esteban Aliaga
|
0-0: Ball 1-0: Foul Ball, location: 2F 1-1: Called Strike 1-2: Ball 2-2: Strikes out looking
|
Batting: RHB Michael Scott
|
0-0: Ball 1-0: Foul Ball, location: 2F 1-1: SINGLE (Groundball, 4M) (infield hit) Arthur Guzmán to third Troy Johnson to second
|
Batting: LHB Dax Valdéz
|
0-0: Ball 1-0: Ball 2-0: Ball Wild Pitch! Arthur Guzmán scores
|
Tuesday, August 8th, 2017 - OOTP Baseball 17.12 Build 75
|
|